Workbook
Name BDI: 1+(INDEX(#REF!,ROW())/100)
Name ContraPart1: #REF!-SUMIF(#REF!,">=0",#REF!)
Name ContraPart2: MAX(#REF!-SUM(#REF!),0)
Name Item: INDEX(#REF!,ROW())
Name ListaNomes: #REF!
Name Macroitem: INDEX(#REF!,ROW())
Name Macroitem1: INDEX(#REF!,ROW())
Name Macroitem2: INDEX(#REF!,ROW())
Name Macroitem3: INDEX(#REF!,ROW())
Name MacroitemAc: INDEX(#REF!,ROW())
Name MacroitemPer: INDEX(#REF!,ROW())
Name MacroitemRet: INDEX(#REF!,ROW())
Name matriz: #REF!
Name matriz2: #REF!
Name Medicao1: INDEX(#REF!,ROW())
Name Quantidade: INDEX(#REF!,ROW())
Name Quantidade1: INDEX(#REF!,ROW())
Name Quantidade2: INDEX(#REF!,ROW())
Name Quantidade3: INDEX(#REF!,ROW())
Name QuantidadeAc: SUM(OFFSET([0]!Medicao1,0,0,1,#REF!))
Name QuantidadePeriodo: INDEX([0]!TabMedicao,ROW(),#REF!)
Name Registro: IF(INDIRECT(ADDRESS(ROW()-1,COLUMN()))=#REF!,#REF!,IF(INDIRECT(ADDRESS(ROW()-1,COLUMN()))=#REF!,#REF!,IF(INDIRECT(ADDRESS(ROW()-1,COLUMN()))=#REF!,#REF!,"")))
Name ResParcial: OFFSET([0]!Subitem,0,0,MATCH(VLOOKUP("Macroitem",[0]!TabAux,1,FALSE),[0]!TabAux,0),1)
Name ResParcial1: OFFSET([0]!Subitem1,0,0,MATCH(VLOOKUP("Macroitem",[0]!TabAux,1,FALSE),[0]!TabAux,0),1)
Name ResParcial2: OFFSET([0]!Subitem2,0,0,MATCH(VLOOKUP("Macroitem",[0]!TabAux,1,FALSE),[0]!TabAux,0),1)
Name ResParcial3: OFFSET([0]!Subitem3,0,0,MATCH(VLOOKUP("Macroitem",[0]!TabAux,1,FALSE),[0]!TabAux,0),1)
Name ResParcialAc: OFFSET([0]!SubitemAc,0,0,MATCH(VLOOKUP("Macroitem",[0]!TabAux,1,FALSE),[0]!TabAux,0),1)
Name ResParcialPer: OFFSET([0]!SubitemPer,0,0,MATCH(VLOOKUP("Macroitem",[0]!TabAux,1,FALSE),[0]!TabAux,0),1)
Name ResParcialRet: OFFSET([0]!SubitemRet,0,0,MATCH(VLOOKUP("Macroitem",[0]!TabAux,1,FALSE),[0]!TabAux,0),1)
Name Subitem: INDEX(#REF!,ROW())
Name Subitem1: INDEX(#REF!,ROW())
Name Subitem2: INDEX(#REF!,ROW())
Name Subitem3: INDEX(#REF!,ROW())
Name SubitemAc: INDEX(#REF!,ROW())
Name SubitemPer: INDEX(#REF!,ROW())
Name SubitemRet: INDEX(#REF!,ROW())
Name TabAux: #REF!
Name TabAuxRes: #REF!
Name TabMedicao: #REF!
Name TESTE: #REF!*#REF!
Name TotalQ1C2: [0]!Quantidade1*[0]!Unitario2
Name TotalQ2C1: [0]!Quantidade2*[0]!Unitario1
Name TotalQ2C2: [0]!Quantidade2*[0]!Unitario2
Name TotalSubitem1: [0]!Quantidade1*[0]!Unitario1
Name Unitario1: INDEX(#REF!,ROW())
Name Unitario2: INDEX(#REF!,ROW())

Sheet PLANILHA ORÇAMENTÁRIA
A1: PLANILHA QUANTITATIVA E ORÇAMENTÁRIA
A3: OBRA: | B3: XXXXXXXXXXXXXXXXX
A4: CE nº | B4: XX/2026/PMMG
A5: Valor Total: | B5: =G35 -> 305173.27
A6: Razão Social: | B6: XXXXXXXXXXXXXXXXX
A7: CNPJ/MF: | B7: 0
A9: ITEM | B9: FONTE | C9: ITENS DE SERVIÇO | D9: Unidade | E9: Quantidade | F9: Preço Unitário Com BDI (R$) | G9: Preço Total Com BDI (R$) | H9: %
A11: 1 | B11: TUBULAÇÃO
A12: 1.1 | B12: SICRO 2003834 | C12: Tubo de concreto PA1 comercial para drenagem - D = 1,20 m - fornecimento e instalação | D12: m | E12: 245 | F12: 1043.4 | G12: =ROUND((E12*F12),2) -> 255633 | H12: =G12*100/$G$35 -> 83.766511
A13: 1.2 | B13: SINAPI 95569 | C13: TUBO DE CONCRETO (SIMPLES) PARA REDES COLETORAS DE ÁGUAS PLUVIAIS, DIÂMETRO DE 500 MM, JUNTA RÍGIDA, INSTALADO EM LOCAL COM BAIXO NÍVEL DE INTERFERÊNCIAS - FORNECIMENTO E ASSENTAMENTO. AF_03/2024 | D13: M | E13: 50 | F13: 165.56 | G13: =ROUND((E13*F13),2) -> 8278 | H13: =G13*100/$G$35 -> 2.7125574
A14: 1.3 | B14: SINAPI 104515 | C14: APLICAÇÃO DE MANTA GEOTÊXTIL NAS JUNTAS RÍGIDAS DE ADUELAS PRÉ-MOLDADAS DE CONCRETO ARMADO. AF_01/2023 | D14: M2 | E14: 310 | F14: 31.75 | G14: =ROUND((E14*F14),2) -> 9842.5 | H14: =G14*100/$G$35 -> 3.2252169
A15: 1.4 | B15: Composição 17 | C15: ESPALHAMENTO E COMPACTAÇÃO DE BASE DE SEIXO ROLADO | D15: M3 | E15: 220 | F15: 32.46 | G15: =ROUND((E15*F15),2) -> 7141.2 | H15: =G15*100/$G$35 -> 2.3400477
A16: 1.5 | B16: SICRO 2003767 | C16: Lastro de areia comercial - espalhamento manual | D16: M3 | E16: 21 | F16: 173.65 | G16: =ROUND((E16*F16),2) -> 3646.65 | H16: =G16*100/$G$35 -> 1.1949441
A17: 1.6 | B17: SINAPI 90781 | C17: TOPOGRAFO COM ENCARGOS COMPLEMENTARES | D17: H | E17: 16 | F17: 39.24 | G17: =ROUND((E17*F17),2) -> 627.84 | H17: =G17*100/$G$35 -> 0.2057323
A18: 1.7 | B18: SINAPI 88253 | C18: AUXILIAR DE TOPÓGRAFO COM ENCARGOS COMPLEMENTARES | D18: H | E18: 16 | F18: 20.11 | G18: =ROUND((E18*F18),2) -> 321.76 | H18: =G18*100/$G$35 -> 0.10543518
A19: TOTAL DO ITEM | G19: =SUM(G12:G18) -> 285490.95 | H19: =G19*100/$G$35 -> 93.550444
A21: 2 | B21: CAIXAS DE PASSAGEM
A22: 2.1 | B22: SINAPI 89470 | C22: ALVENARIA DE BLOCOS DE CONCRETO ESTRUTURAL 14X19X39 CM (ESPESSURA 14 CM), FBK = 4,5 MPA, UTILIZANDO COLHER DE PEDREIRO. AF_10/2022 | D22: M2 | E22: 25.6 | F22: 143.85 | G22: =ROUND((E22*F22),2) -> 3682.56 | H22: =G22*100/$G$35 -> 1.2067112
A23: 2.2 | B23: SINAPI 94990 | C23: EXECUÇÃO DE PASSEIO (CALÇADA) OU PISO DE CONCRETO COM CONCRETO MOLDADO IN LOCO, FEITO EM OBRA, ACABAMENTO CONVENCIONAL, NÃO ARMADO. AF_08/2022 | D23: M3 | E23: 0.8 | F23: 1142.02 | G23: =ROUND((E23*F23),2) -> 913.62 | H23: =G23*100/$G$35 -> 0.29937747
A24: 2.3 | B24: Composição 15 | C24: TAMPA DE CONCCRETO ARMADO PARA CAIXAS DE PASSAGEM PLUVIAL | D24: UN | E24: 2 | F24: 1872.98 | G24: =ROUND((E24*F24),2) -> 3745.96 | H24: =G24*100/$G$35 -> 1.2274863
A25: 2.4 | B25: SINAPI 95240 | C25: LASTRO DE CONCRETO MAGRO, APLICADO EM PISOS, LAJES SOBRE SOLO OU RADIERS, ESPESSURA DE 3 CM. AF_01/2024 | D25: M2 | E25: 8 | F25: 28.56 | G25: =ROUND((E25*F25),2) -> 228.48 | H25: =G25*100/$G$35 -> 0.074868942
A26: TOTAL DO ITEM | G26: =SUM(G22:G25) -> 8570.62 | H26: =G26*100/$G$35 -> 2.8084439
A28: 3 | B28: ALAS
A29: 3.1 | B29: SINAPI 102736 | C29: CONCRETAGEM DE BOCA PARA BUEIRO, FCK = 20 MPA, COM USO DE BOMBA - LANÇAMENTO, ADENSAMENTO E ACABAMENTO. AF_07/2021 | D29: M3 | E29: 4.14 | F29: 913.38 | G29: =ROUND((E29*F29),2) -> 3781.39 | H29: =G29*100/$G$35 -> 1.2390961
A30: 3.2 | B30: SINAPI 92269 | C30: FABRICAÇÃO DE FÔRMA PARA PILARES E ESTRUTURAS SIMILARES, EM MADEIRA SERRADA, E=25 MM. AF_09/2020 | D30: M2 | E30: 18.63 | F30: 156.33 | G30: =ROUND((E30*F30),2) -> 2912.43 | H30: =G30*100/$G$35 -> 0.95435292
A31: 3.3 | B31: SINAPI 102729 | C31: ARMAÇÃO DE MURO ALA E MURO TESTA UTILIZANDO AÇO CA-50 DE 8 MM - MONTAGEM. AF_07/2021 | D31: KG | E31: 248.4 | F31: 16.8 | G31: =ROUND((E31*F31),2) -> 4173.12 | H31: =G31*100/$G$35 -> 1.3674592
A32: 3.4 | B32: SINAPI 95240 | C32: LASTRO DE CONCRETO MAGRO, APLICADO EM PISOS, LAJES SOBRE SOLO OU RADIERS, ESPESSURA DE 3 CM. AF_01/2024 | D32: M2 | E32: 8.57 | F32: 28.56 | G32: =ROUND((E32*F32),2) -> 244.76 | H32: =G32*100/$G$35 -> 0.080203617
A33: TOTAL DO ITEM | G33: =SUM(G29:G32) -> 11111.7 | H33: =G33*100/$G$35 -> 3.6411118
A35: TOTAL GERAL | G35: =G19+G26+G33 -> 305173.27 | H35: =H19+H26+H33 -> 100

Sheet CRONOGRAMA FISCO-FINANCEIRO
A1: CRONOGRAMA FÍSICO-FINANCEIRO
A4: OBRA: | B4: ='PLANILHA ORÇAMENTÁRIA'!B3 -> XXXXXXXXXXXXXXXXX
A5: ='PLANILHA ORÇAMENTÁRIA'!A4 -> CE nº | B5: ='PLANILHA ORÇAMENTÁRIA'!B4 -> XX/2026/PMMG
A6: Valor Total: | B6: ='PLANILHA ORÇAMENTÁRIA'!B5 -> 305173.27
A7: Razão Social: | B7: ='PLANILHA ORÇAMENTÁRIA'!B6 -> XXXXXXXXXXXXXXXXX
A8: CNPJ/MF: | B8: ='PLANILHA ORÇAMENTÁRIA'!B7 -> 0
A10: ITEM | B10: DISCRIMINAÇÃO | E10: PERÍODO EM MESES | W10: TOTAL
E11: MÊS 01 | G11: MÊS 02 | I11: TOTAL
E12: R$ | F12: % | G12: R$ | H12: % | I12: R$ | J12: %
A13: 1 | B13: ='PLANILHA ORÇAMENTÁRIA'!B11:H11 -> TUBULAÇÃO | E13: =($I$13*F13) -> 142745.48 | F13: 0.5 | G13: =($I$13*H13) -> 142745.48 | H13: 0.5 | I13: ='PLANILHA ORÇAMENTÁRIA'!G19 -> 285490.95 | J13: =(I13*100)/'PLANILHA ORÇAMENTÁRIA'!$G$35 -> 93.550444
A14: 2 | B14: ='PLANILHA ORÇAMENTÁRIA'!B21:H21 -> CAIXAS DE PASSAGEM | E14: =($I$14*F14) -> 0 | F14: 0 | G14: =($I$14*H14) -> 8570.62 | H14: 1 | I14: ='PLANILHA ORÇAMENTÁRIA'!G26 -> 8570.62 | J14: =(I14*100)/'PLANILHA ORÇAMENTÁRIA'!$G$35 -> 2.8084439
A15: 3 | B15: ='PLANILHA ORÇAMENTÁRIA'!B28:H28 -> ALAS | E15: =($I$15*F15) -> 0 | F15: 0 | G15: =($I$15*H15) -> 11111.7 | H15: 1 | I15: ='PLANILHA ORÇAMENTÁRIA'!G33 -> 11111.7 | J15: =(I15*100)/'PLANILHA ORÇAMENTÁRIA'!$G$35 -> 3.6411118
B16: VALOR DA OBRA | E16: =SUM(E13:E15) -> 142745.48 | G16: =SUM(G13:G15) -> 162427.8 | I16: =SUM(I13:I15) -> 305173.27 | J16: =SUM(J13:J15) -> 100
B17: VALOR ACUMULADO | E17: =E16 -> 142745.48 | G17: =E17+G16 -> 305173.27 | I17: =SUM(E16,G16) -> 305173.27
B18: PERCENTUAL DA OBRA | E18: =(E16*100/$I$16) -> 46.775222 | G18: =(G16*100/$I$16) -> 53.224778
B19: SOMATÓRIO ACUMULADO % | E19: =E17*100/$I$16 -> 46.775222 | G19: =SUM(E19+G18) -> 100

Sheet BDI
A1: QUADRO DE COMPOSIÇÃO DO BDI
A2: ='PLANILHA ORÇAMENTÁRIA'!A3 -> OBRA: | B2: ='PLANILHA ORÇAMENTÁRIA'!B3:H3 -> XXXXXXXXXXXXXXXXX
A3: ='PLANILHA ORÇAMENTÁRIA'!A4 -> CE nº | B3: ='PLANILHA ORÇAMENTÁRIA'!B4 -> XX/2026/PMMG
A4: ='PLANILHA ORÇAMENTÁRIA'!A5 -> Valor Total: | B4: ='PLANILHA ORÇAMENTÁRIA'!B5:H5 -> 305173.27
A5: ='PLANILHA ORÇAMENTÁRIA'!A6 -> Razão Social: | B5: ='PLANILHA ORÇAMENTÁRIA'!B6 -> XXXXXXXXXXXXXXXXX
A6: ='PLANILHA ORÇAMENTÁRIA'!A7 -> CNPJ/MF: | B6: ='PLANILHA ORÇAMENTÁRIA'!B7 -> 0
A8: Item | B8: Descrição Análitica | J8: Siglas | K8: % Adotado
A9: 1 | B9: Administração Central | J9: AC | K9: 0.0343
A10: 2 | B10: Seguro e Garantia | J10: S + G | K10: 0.0028
A11: 3 | B11: Risco | J11: R | K11: 0.01
A12: 4 | B12: Despesas Financeiras | J12: DF | K12: 0.0094
A13: 5 | B13: Lucro | J13: L | K13: 0.0674
A14: 6 | B14: Tributos (impostos: COFINS 3% e PIS 0,65%) | J14: CP | K14: 0.0365
A15: 7 | B15: Tributos (ISS) | J15: ISS | K15: 0.03
A16: 8 | B16: Tributos (Contribuição Previdenciária sobre a Receita Bruta) | J16: CPRB | K16: 0.027
A17: 9 | B17: BDI COM desoneração (Fórmula Acórdão TCU) | J17: BDI PAD | K17: =((1+K9+K10+K11) * (1+K12) * (1+K13)) / (1-K14-K15-K16) -1 -> 0.2445457
A18: FORMULA - ACÓRDÃO TCU 2.622/2013

Sheet ENCARGOS SOCIAIS
A1: DEMOSTRATIVO DA TAXA DE ENCARGOS SOCIAIS
A2: OBRA: | B2: ='PLANILHA ORÇAMENTÁRIA'!B3:H3 -> XXXXXXXXXXXXXXXXX
A3: ='PLANILHA ORÇAMENTÁRIA'!A4 -> CE nº | B3: ='PLANILHA ORÇAMENTÁRIA'!B4:H4 -> XX/2026/PMMG
A4: Razão Social: | B4: ='PLANILHA ORÇAMENTÁRIA'!B6 -> XXXXXXXXXXXXXXXXX
A5: CNPJ/MF: | B5: ='PLANILHA ORÇAMENTÁRIA'!B7 -> 0
A7: Encargos Sociais | J7: Instrução de Serviços DG nº 03/2012
A8: GRUPO A | B8: PREVIDENCIA SOCIAL | J8: 0
B9: FUNDO DE GARANTIA POR TEMPO DE SERVIÇO | J9: 0
B10: SALARIO EDUCAÇÃO | J10: 0
B11: SERVIÇO DA INDUSTRIA - SESI | J11: 0
B12: SERVIÇO NACIONAL DE APRENDIZAGEM INDUSTRIAL | J12: 0
B13: SERVIÇO DE APOIO A PEQUENA E MEDIA EMPRESA | J13: 0
B14: INSTITUTO NACIONAL DE COLONIZAÇÃO E REFORMA AGRATIA - INCRA | J14: 0
B15: SEGURO CONTRA OS ACIDENTES DE TRABALHO | J15: 0
B16: SERVIÇO SOCIAL DA INDUSTRIA DA CONSTRUÇÃO E DO MOBILIARIO - SECONCI | J16: 0
B17: Sub-Total Grupo A | J17: =SUM(J8:J16) -> 0
A18: GRUPO B | B18: REPOUSO SEMANAL E FERIADOS | J18: 0
B19: AUXILIO - ENFERMIDADE | J19: 0
B20: LICENÇA PATERNIDADE | J20: 0
B21: 13º SALARIO | J21: 0
B22: DIAS DE CHUVA, FALTAS, JUSTIFICATIVAS, ACIDENTES DE TRABALHO, OUTRAS PARALIZAÇÕES | J22: 0
B23: Sub-Total Grupo B | J23: =SUM(J18:J22) -> 0
A24: GRUPO C | B24: DEPOSITO POR DESPEDIDA INJUSTA | J24: 0
B25: AVISO PREVIO INDENIZADO | J25: 0
B26: FÉRIAS INDENIZADAS | J26: 0
B27: Sub-Total Grupo C | J27: =SUM(J24:J26) -> 0
A28: GRUPO D | B28: REINCIDENCIA DO GRUPO (A) SOBRE O GRUPO (B) | J28: 0
B29: REINCIDENCIA DO FGTS SOBRE O AVISO PREVIO | J29: 0
B30: Sub-Total Grupo D | J30: =SUM(J28:J29) -> 0
A31: GRUPO E | B31: ENCARGOS INTERSINDICAIS | J31: 0
B32: Sub-Total Grupo E | J32: =SUM(J31) -> 0
A33: TOTAL GERAL | J33: =J17+J23+J27+J30+J32 -> 0
